[Event "Titled Tuesday Blitz October 11 Early 2022"]
[White "Gulevich, Artem"]
[Black "Seletsky, Grigory"]
[WhiteFideId "24119580"]
[BlackFideId "14112191"]
[WhiteElo "2218"]
[BlackElo "2492"]
[Result "0-1"]
[Round "04"]
[TimeControl "180+1"]
[Date "2022.10.12"]
[WhiteClock "0:00:03"]
[BlackClock "0:00:03"]

1. Nf3 d5 2. b3 f6 3. d4 Bf5 4. Bb2 e6 5. e3 Bd6 6. Bd3 Ne7 7. O-O O-O 8. Nbd2 c6 9. e4 Bg6 10. Qe2 Rf7 11. c4 Nd7 12. Rfe1 Nf8 13. e5 Bxd3 14. Qxd3 fxe5 15. dxe5 Bc5 16. Bd4 Bxd4 17. Qxd4 Nf5 18. Qg4 Nh6 19. Qh3 Ng6 20. cxd5 Nf4 21. Qg3 cxd5 22. Nd4 Qd7 23. N2f3 Ng6 24. Ng5 Re7 25. Qh3 Nf8 26. Rac1 Nf7 27. Ndxe6 Nxe6 28. Qxh7+ Kf8 29. Nxf7 Kxf7 30. Re3 Nf4 31. Rf3 Qg4 32. Rg3 Ne2+ 33. Kh1 Nxg3+ 34. fxg3 Rf8 35. Rf1+ Ke8 36. Rxf8+ Kxf8 37. h3 Qe4 38. Qh8+ Kf7 39. Qh5+ Kg8 40. Qg5 Qxe5 41. Qg4 Qe6 42. Qg5 a6 43. Kh2 Qf6 44. Qg4 Qe6 45. Qh5 Rf7 46. Qg5 g6 47. Qd8+ Kg7 48. Qh4 Qf6 49. Qg4 Re7 50. Qc8 d4 51. Qd8 Qe5 52. h4 Rf7 53. Qe8 Qf6 54. Qd8 Qxd8 0-1


[Site "https://www.chess.com"]

[Event "Titled Tuesday Blitz October 11 Early 2022"]
[White "Haitin, Ilja"]
[Black "Cramling Bellon, Anna"]
[WhiteFideId "4501764"]
[BlackFideId "32009232"]
[WhiteElo "2221"]
[BlackElo "1972"]
[Result "1-0"]
[Round "04"]
[TimeControl "180+1"]
[Date "2022.10.12"]
[WhiteClock "0:00:04"]
[BlackClock "0:00:01"]

1. e4 c5 2. d3 Nc6 3. f4 g6 4. Nf3 Bg7 5. g3 e6 6. Bg2 Nge7 7. O-O d5 8. c3 O-O 9. Qe2 d4 10. c4 a6 11. Nbd2 f5 12. Nb3 b6 13. exf5 exf5 14. Bd2 Rb8 15. Rae1 Bd7 16. Ng5 Qc8 17. h4 h6 18. Ne6 Bxe6 19. Qxe6+ Qxe6 20. Rxe6 Rf6 21. Rfe1 Kf7 22. R6e2 Rc8 23. Kh2 h5 24. Bf3 Ng8 25. Bd5+ Kf8 26. Bxg8 Kxg8 27. Re8+ Rxe8 28. Rxe8+ Kf7 29. Rc8 Re6 30. Kg2 Ne7 31. Rb8 Ng8 32. a4 Nf6 33. a5 bxa5 34. Bxa5 Ng4 35. Rb7+ Kg8 36. Rb8+ Kh7 37. Rb7 Re2+ 38. Kf1 Rf2+ 39. Ke1 Rxb2 40. Nxc5 Rg2 41. Ne6 Rg1+ 42. Kd2 Rg2+ 43. Kc1 Kh6 44. Nxg7 Rxg3 45. c5 Rxd3 46. Ne6 Ne3 47. Ng5 Rd1+ 48. Kb2 Nc4+ 49. Kc2 Rd2+ 50. Bxd2 Nxd2 51. Rh7# 1-0


[Site "https://www.chess.com"]

[Event "Titled Tuesday Blitz October 11 Early 2022"]
[White "Hambleton, Aman"]
[Black "Horak, Martin"]
[WhiteFideId "2606577"]
[BlackFideId "367095"]
[WhiteElo "2538"]
[BlackElo "2091"]
[Result "1-0"]
[Round "04"]
[TimeControl "180+1"]
[Date "2022.10.12"]
[WhiteClock "0:00:46"]
[BlackClock "0:01:44"]

1. d4 Nf6 2. Bf4 d5 3. e3 c5 4. c3 Nc6 5. Nd2 Bf5 6. Qb3 Qd7 7. Ngf3 c4 8. Qd1 e6 9. Nh4 Bd6 10. Nxf5 exf5 11. Bxd6 Qxd6 12. g3 O-O 13. Bg2 b5 14. O-O Ne4 15. f3 Nxd2 16. Qxd2 Rfe8 17. Rae1 Re7 18. e4 fxe4 19. fxe4 dxe4 20. Rxe4 Rae8 21. Rxe7 Rxe7 22. Qg5 a6 23. Bxc6 1-0


[Site "https://www.chess.com"]

[Event "Titled Tuesday Blitz October 11 Early 2022"]
[White "Hardaway, Brewington"]
[Black "Harsh Suresh"]
[WhiteFideId "30941849"]
[BlackFideId "45018464"]
[WhiteElo "2159"]
[BlackElo "2180"]
[Result "1-0"]
[Round "04"]
[TimeControl "180+1"]
[Date "2022.10.12"]
[WhiteClock "0:00:18"]
[BlackClock "0:00:03"]

1. Nf3 d5 2. e3 Bg4 3. c4 e6 4. Nc3 Nf6 5. h3 Bh5 6. g4 Bg6 7. g5 Ne4 8. h4 Bh5 9. Be2 Nxc3 10. bxc3 Be7 11. Ne5 Bxe2 12. Qxe2 Nd7 13. Nf3 c6 14. d4 Qa5 15. Bd2 Qa6 16. cxd5 Qxe2+ 17. Kxe2 cxd5 18. Rab1 b6 19. Kd3 Bd6 20. c4 dxc4+ 21. Kxc4 Ke7 22. e4 e5 23. dxe5 Nxe5+ 24. Nxe5 Bxe5 25. f4 Rac8+ 26. Kb3 Rhd8 27. Bb4+ Bd6 28. Bxd6+ Rxd6 29. Rhd1 Rdc6 30. Rd3 Rc4 31. Re1 a5 32. f5 Rb4+ 33. Ka3 Rbc4 34. Kb3 R8c7 35. h5 b5 36. e5 f6 37. exf6+ Kf7 38. fxg7 Kxg7 39. f6+ Kf7 40. Rde3 Rb4+ 41. Ka3 Ra4+ 42. Kb2 Rb4+ 43. Ka1 Rg4 44. Re7+ Rxe7 45. fxe7 Ke8 46. Re5 Rh4 47. h6 Rb4 48. a3 Rb3 49. Ka2 a4 50. Re4 Rg3 51. Kb2 Rxg5 52. Kc3 Rg6 53. Kb4 Rxh6 54. Kxb5 Rg6 55. Kxa4 h5 56. Kb5 Rh6 57. a4 h4 58. a5 h3 59. a6 Rh5+ 60. Kb6 Rh6+ 61. Kb7 h2 62. a7 h1=Q 63. a8=Q+ Kf7 64. e8=Q+ Kf6 65. Qe6+ Kg5 66. Qag8+ Kh5 67. Qgg4# 1-0


[Site "https://www.chess.com"]

[Event "Titled Tuesday Blitz October 11 Early 2022"]
[White "Hoffmann, Asa"]
[Black "Kuchava, Ana"]
[WhiteFideId "2001470"]
[BlackFideId "13605348"]
[WhiteElo "2117"]
[BlackElo "2001"]
[Result "0-1"]
[Round "04"]
[TimeControl "180+1"]
[Date "2022.10.12"]
[WhiteClock "0:00:16"]
[BlackClock "0:00:09"]

1. d4 d5 2. Bg5 Nf6 3. Nd2 Bf5 4. f3 h6 5. Bxf6 exf6 6. e4 dxe4 7. fxe4 Bg6 8. Ngf3 Bd6 9. Bd3 O-O 10. Qe2 Re8 11. O-O-O c5 12. dxc5 Bxc5 13. Nb3 Bd6 14. Nh4 Bh7 15. Qg4 Nc6 16. Nf5 Bxf5 17. Qxf5 Ne5 18. Bb5 Re7 19. Nd4 Qb6 20. Qf1 Bc5 21. Nf5 Rc7 22. Kb1 Rac8 23. Ba4 Qb4 24. Bb3 Qxe4 25. Ng3 Qb4 26. Qf5 a5 27. a3 Qg4 28. Rhf1 Qxf5 29. Nxf5 b5 30. Rd5 a4 31. Ba2 b4 32. axb4 Bxb4 33. c3 Bxc3 34. bxc3 Rb7+ 35. Kc2 a3 36. Rb1 Rxb1 37. Bxb1 Rb8 38. Ra5 Rb2+ 39. Kc1 Nc4 40. Nd4 Rb8 41. Ba2 Nxa5 42. Nf5 Nc6 43. Nd6 Rb2 44. Bd5 Ne5 45. c4 Nd3+ 46. Kd1 a2 47. c5 a1=Q# 0-1


[Site "https://www.chess.com"]

[Event "Titled Tuesday Blitz October 11 Early 2022"]
[White "Hristodoulou, Panagiotis"]
[Black "Harsha Bharathakoti"]
[WhiteFideId "4214340"]
[BlackFideId "5078776"]
[WhiteElo "2272"]
[BlackElo "2523"]
[Result "0-1"]
[Round "04"]
[TimeControl "180+1"]
[Date "2022.10.11"]
[WhiteClock "0:00:02"]
[BlackClock "0:00:14"]

1. e4 g6 2. d4 Bg7 3. Nc3 d6 4. Be3 a6 5. Qd2 b5 6. f3 Nd7 7. h4 h5 8. Nh3 Nb6 9. Ng5 c6 10. Bd3 Qc7 11. a4 b4 12. Ne2 a5 13. c3 bxc3 14. Nxc3 Nf6 15. Rc1 Qb8 16. O-O O-O 17. Rfe1 Nbd7 18. Bf2 Ba6 19. Bxa6 Rxa6 20. d5 c5 21. Nb5 Ne8 22. f4 Nc7 23. e5 dxe5 24. fxe5 Bxe5 25. Qd3 Nxb5 26. axb5 Rb6 27. Ne6 fxe6 28. Qxg6+ Bg7 29. dxe6 Ne5 30. Qxh5 Rxe6 31. Bxc5 Qxb5 32. Re4 Rh6 33. Qe2 Qxe2 34. Rxe2 Rc6 35. Rec2 Rfc8 0-1


[Site "https://www.chess.com"]

[Event "Titled Tuesday Blitz October 11 Early 2022"]
[White "Ianov, Viktor"]
[Black "Sohier, Julien"]
[WhiteFideId "14102730"]
[BlackFideId "645346"]
[WhiteElo "2152"]
[BlackElo "2209"]
[Result "0-1"]
[Round "04"]
[TimeControl "180+1"]
[Date "2022.10.12"]
[WhiteClock "0:00:48"]
[BlackClock "0:00:17"]

1. Nf3 d5 2. g3 Nf6 3. Bg2 g6 4. b3 Bg7 5. Bb2 O-O 6. c4 c6 7. O-O a5 8. Nc3 Na6 9. d4 Bf5 10. Rc1 Ne4 11. e3 Nxc3 12. Bxc3 Be4 13. Qe2 a4 14. Rfd1 axb3 15. axb3 Nc7 16. Ra1 Qd6 17. Bf1 h5 18. Ne5 Rxa1 19. Rxa1 Ra8 20. Rxa8+ Nxa8 21. Qa2 Nc7 22. Qa7 Ne6 23. Qxb7 Ng5 24. Bb4 Qe6 25. Qxe7 Bxe5 26. Qxg5 Bf6 27. Qf4 g5 28. Qb8+ Kh7 29. Bd6 Qf5 30. f4 Qg4 31. Qc7 Qf3 32. Qxf7+ Bg7 33. Qxh5+ Qxh5 34. fxg5 Qf3 35. Bf4 Qh1+ 36. Kf2 Qxh2+ 0-1


[Site "https://www.chess.com"]

[Event "Titled Tuesday Blitz October 11 Early 2022"]
[White "Ibarra Jerez, Jose Carlos"]
[Black "Munkhgal, Gombosuren"]
[WhiteFideId "2226332"]
[BlackFideId "4901266"]
[WhiteElo "2627"]
[BlackElo "2576"]
[Result "1-0"]
[Round "04"]
[TimeControl "180+1"]
[Date "2022.10.11"]
[WhiteClock "0:00:08"]
[BlackClock "0:00:03"]

1. e3 e5 2. c4 Nf6 3. a3 c6 4. Nf3 e4 5. Nd4 d5 6. cxd5 cxd5 7. d3 Nc6 8. Nxc6 bxc6 9. Qc2 Qc7 10. Nd2 Bf5 11. dxe4 Nxe4 12. Bd3 Nxd2 13. Bxf5 Nc4 14. O-O Be7 15. b3 Bf6 16. bxc4 Bxa1 17. cxd5 g6 18. Be4 O-O 19. dxc6 Be5 20. g3 Rab8 21. Rd1 Rfd8 22. Bd5 Kg7 23. e4 Rb5 24. Be3 Rdb8 25. Bxf7 Rb2 26. Qc4 Rb1 27. Bc1 Rd8 28. Bd5 Qb6 29. Kg2 Qb5 30. Qxb5 Rxb5 31. Bg5 Bf6 32. Be3 a5 33. Rc1 Be5 34. Be6 Bc7 35. Bf4 Re8 36. Bd7 Bxf4 37. gxf4 Rxe4 38. c7 1-0


[Site "https://www.chess.com"]

[Event "Titled Tuesday Blitz October 11 Early 2022"]
[White "Indjic, Aleksandar"]
[Black "Djokic, Mihailo"]
[WhiteFideId "911925"]
[BlackFideId "976440"]
[WhiteElo "2592"]
[BlackElo "2315"]
[Result "1-0"]
[Round "04"]
[TimeControl "180+1"]
[Date "2022.10.12"]
[WhiteClock "0:00:23"]
[BlackClock "0:00:01"]

1. d4 Nf6 2. Nf3 g6 3. Nc3 d5 4. Bf4 Bg7 5. Nb5 Na6 6. e3 c6 7. Nc3 Nc7 8. h3 O-O 9. Bd3 Ne6 10. Be5 c5 11. O-O a6 12. a4 Bd7 13. a5 Bc6 14. Qb1 Rc8 15. Rd1 c4 16. Bf1 Ne4 17. Nxe4 dxe4 18. Nd2 Bd5 19. Bxg7 Kxg7 20. Ra4 c3 21. Nc4 Bc6 22. Rb4 cxb2 23. Qxb2 f6 24. Nb6 Rc7 25. d5 Nc5 26. Rbd4 Be8 27. d6 exd6 28. Rxd6 Qe7 29. Bc4 Na4 30. Qd4 Nxb6 31. axb6 Rc6 32. h4 h5 33. g3 Rxd6 34. Qxd6 Qxd6 35. Rxd6 Ba4 36. Bd5 Bxc2 37. Bxb7 Rb8 38. Bd5 a5 39. b7 a4 40. Ra6 Bb3 41. Bxe4 f5 42. Bf3 Rd8 43. Ra8 1-0


[Site "https://www.chess.com"]

[Event "Titled Tuesday Blitz October 11 Early 2022"]
[White "Janaszak, Dawid"]
[Black "Shimanov, Aleksandr"]
[WhiteFideId "1119206"]
[BlackFideId "4198603"]
[WhiteElo "2226"]
[BlackElo "2605"]
[Result "0-1"]
[Round "04"]
[TimeControl "180+1"]
[Date "2022.10.11"]
[WhiteClock "0:00:10"]
[BlackClock "0:00:10"]

1. e4 d5 2. Nc3 dxe4 3. Nxe4 Nf6 4. Nxf6+ exf6 5. Bc4 Bd6 6. d4 O-O 7. Ne2 Nd7 8. Be3 Re8 9. Qd2 a6 10. a4 Nf8 11. O-O Ng6 12. Ng3 Bd7 13. c3 f5 14. Bg5 Qc8 15. Nh5 Be6 16. d5 Bd7 17. Rfe1 Rxe1+ 18. Rxe1 Qf8 19. Qd4 Bc5 20. Qd1 Re8 21. b4 Ba7 22. a5 Kh8 23. g3 h6 24. Be3 Bxe3 25. Rxe3 Rxe3 26. fxe3 Ne5 27. Be2 Qd6 28. Qd4 Kh7 29. Kg2 Ba4 30. h3 Bc2 31. c4 Be4+ 32. Kh2 Bf3 33. Qd1 Bxe2 34. Qxe2 Qxb4 35. Qc2 g6 36. Nf6+ Kg7 37. Ne8+ Kf8 38. Nxc7 Qxc4 39. Qxc4 Nxc4 40. g4 fxg4 41. hxg4 Nxe3 42. d6 Nxg4+ 43. Kg3 Nf6 44. Kf4 Nd7 45. Nd5 f5 46. Ke3 Kf7 47. Kd4 Ke6 48. Nf4+ Kxd6 49. Nxg6 h5 50. Nh4 Ke6 51. Ng6 Kf6 52. Nf4 Kg5 53. Ne6+ Kg4 54. Kd5 h4 55. Kd6 Nf6 56. Kc7 h3 0-1


[Site "https://www.chess.com"]

[Event "Titled Tuesday Blitz October 11 Early 2022"]
[White "Jaskolka, Tomasz"]
[Black "Vachylia, Andrii"]
[WhiteFideId "1170791"]
[BlackFideId "14137224"]
[WhiteElo "2126"]
[BlackElo "2318"]
[Result "0-1"]
[Round "04"]
[TimeControl "180+1"]
[Date "2022.10.12"]
[WhiteClock "0:00:07"]
[BlackClock "0:01:19"]

1. e4 c5 2. Nf3 d6 3. b4 cxb4 4. a3 bxa3 5. d4 Nf6 6. Bd3 e6 7. O-O Be7 8. c3 O-O 9. Nxa3 Nc6 10. Nc2 a6 11. Bg5 h6 12. Bh4 Rb8 13. Bg3 b5 14. Qd2 Bb7 15. Ne3 Rc8 16. Rfb1 Nb8 17. e5 Ne4 18. Bxe4 Bxe4 19. Rb2 d5 20. Ne1 Qc7 21. Nd1 Qb7 22. f3 Bg6 23. Nd3 Nd7 24. N1f2 Nb6 25. Rba2 Na4 26. Nf4 Bh7 27. Ng4 Rxc3 28. Rxa4 Rc2 29. Qe3 bxa4 30. Nh5 Qb2 31. Re1 Bg5 32. f4 Rxg2+ 33. Kh1 Be4 34. fxg5 Rxh2+ 35. Kg1 Qg2# 0-1


[Site "https://www.chess.com"]

[Event "Titled Tuesday Blitz October 11 Early 2022"]
[White "Jiganchine, Roman"]
[Black "Jovic, Stanoje"]
[WhiteFideId "2603667"]
[BlackFideId "905020"]
[WhiteElo "2285"]
[BlackElo "2238"]
[Result "1-0"]
[Round "04"]
[TimeControl "180+1"]
[Date "2022.10.12"]
[WhiteClock "0:00:42"]
[BlackClock "0:00:12"]

1. e4 c6 2. d4 d5 3. exd5 cxd5 4. c4 Nf6 5. Nc3 Nc6 6. Nf3 Bg4 7. cxd5 Nxd5 8. Qb3 Bxf3 9. gxf3 Nb6 10. d5 Nd4 11. Bb5+ Nd7 12. Qa4 Nxb5 13. Qxb5 g6 14. O-O Bg7 15. Re1 O-O 16. Bg5 Bf6 17. Bxf6 exf6 18. Qxb7 Rb8 19. Qxa7 Rxb2 20. Qd4 Ne5 21. Kg2 Re8 22. Rad1 Kg7 23. d6 Re6 24. Re3 Rb6 25. Ne4 f5 26. Nc5 Rexd6 27. Qxe5+ Kh6 28. Rxd6 Rxd6 29. Qf4+ Kg7 30. Nb7 Rd4 31. Nxd8 Rxf4 32. Re7 Kf8 33. Ra7 f6 34. Ne6+ 1-0


[Site "https://www.chess.com"]

[Event "Titled Tuesday Blitz October 11 Early 2022"]
[White "Jobava, Baadur"]
[Black "Yeletsky, Ivan"]
[WhiteFideId "13601520"]
[BlackFideId "24180327"]
[WhiteElo "2582"]
[BlackElo "2391"]
[Result "1/2-1/2"]
[Round "04"]
[TimeControl "180+1"]
[Date "2022.10.11"]
[WhiteClock "0:00:09"]
[BlackClock "0:00:26"]

1. e4 e6 2. d4 d5 3. exd5 exd5 4. Bd3 Nf6 5. Nf3 c5 6. O-O c4 7. Re1+ Be7 8. Bf1 O-O 9. Nc3 Nc6 10. h3 Bf5 11. a3 Ne4 12. Ne2 Re8 13. c3 b5 14. Bf4 Bd6 15. Qc1 a5 16. g4 Bg6 17. Bg2 h5 18. Bxd6 Qxd6 19. Qf4 Qd7 20. Ng3 hxg4 21. hxg4 Nxg3 22. Qxg3 Be4 23. Re3 Re7 24. Rae1 Rae8 25. Ng5 Bxg2 26. Kxg2 Rxe3 27. Rxe3 Rxe3 28. fxe3 f6 29. Nh3 Qe6 30. Qf3 Ne7 31. Nf4 Qd7 32. Kh3 Kf7 33. e4 dxe4 34. Qxe4 f5 35. gxf5 Qxf5+ 36. Qxf5+ Nxf5 37. Nd5 Nd6 38. Kg4 Ke6 39. Nf4+ Kd7 40. Kf3 Kc6 41. Ne6 g6 42. Nf4 g5 43. Ne6 b4 44. axb4 axb4 45. Nxg5 Nb5 46. Ne4 bxc3 47. bxc3 Kd5 48. Ke3 Kc6 49. Kd2 Kd5 50. Nf6+ Ke6 51. Ng4 Nd6 52. Ne3 Kf6 53. Kc2 Kg5 54. Nd5 Kf5 55. Kd2 Ke4 56. Nf6+ Kf5 57. Nd7 Ke4 58. Ne5 Kd5 59. Kc2 Nb5 60. Nf3 Ke4 61. Nd2+ Kd5 62. Nf3 Ke4 63. Ng5+ Kd5 64. Kb2 Nxd4 65. Nh3 Nb5 66. Nf4+ Ke4 67. Ne6 Nxc3 68. Kxc3 Ke5 69. Kxc4 1/2-1/2


[Site "https://www.chess.com"]

[Event "Titled Tuesday Blitz October 11 Early 2022"]
[White "Kalajzic, Ivan"]
[Black "Nozdrachev, Leonid"]
[WhiteFideId "14506378"]
[BlackFideId "24113433"]
[WhiteElo "2163"]
[BlackElo "2249"]
[Result "0-1"]
[Round "04"]
[TimeControl "180+1"]
[Date "2022.10.12"]
[WhiteClock "0:00:08"]
[BlackClock "0:01:12"]

1. d4 Nf6 2. Nc3 e6 3. Bg5 d5 4. e3 Bb4 5. Qd3 c5 6. dxc5 Qa5 7. Bxf6 gxf6 8. Ne2 Nc6 9. O-O-O Bd7 10. a3 Bxc5 11. Qb5 Qxb5 12. Nxb5 Rc8 13. Ned4 a6 14. Nxc6 Bxc6 15. Nd4 Ba4 16. Rd2 Ke7 17. Be2 Rhg8 18. g3 h6 19. Rhd1 Bd7 20. Nb3 Bd6 21. Kb1 Be5 22. c4 Ba4 23. Na5 Bxd1 24. Rxd1 dxc4 25. Nxc4 Rgd8 26. Na5 Rxd1+ 27. Bxd1 Rc7 28. Bf3 b6 29. Nc6+ Kd6 30. Nb4 a5 31. Nd3 f5 32. Ba8 Bf6 33. f4 h5 34. e4 fxe4 35. Bxe4 h4 36. g4 h3 37. g5 Bd4 38. f5 Bg1 39. g6 fxg6 40. fxg6 Bxh2 41. Ne1 Bg3 42. Nf3 h2 43. Ng5 Ke5 44. Nf7+ Kf6 45. Nh6 Rg7 46. Ng4+ Kg5 47. Ne3 Kf4 48. Bc6 0-1


[Site "https://www.chess.com"]

[Event "Titled Tuesday Blitz October 11 Early 2022"]
[White "Kamsky, Gata"]
[Black "Asavasaetakul, Chawit"]
[WhiteFideId "2000024"]
[BlackFideId "6204856"]
[WhiteElo "2666"]
[BlackElo "1919"]
[Result "1-0"]
[Round "04"]
[TimeControl "180+1"]
[Date "2022.10.11"]
[WhiteClock "0:02:34"]
[BlackClock "0:02:27"]

1. e4 d5 2. exd5 Nf6 3. d4 Bg4 4. Be2 Bxe2 5. Qxe2 Qxd5 6. Nf3 Nc6 7. c4 Qf5 8. O-O O-O-O 9. d5 Nb4 10. Nc3 Qd3 11. Ne5 Qxe2 12. Nxe2 1-0


[Site "https://www.chess.com"]

[Event "Titled Tuesday Blitz October 11 Early 2022"]
[White "Katz, Alexander"]
[Black "Carlsen, Magnus"]
[WhiteFideId "2039796"]
[BlackFideId "1503014"]
[WhiteElo "2388"]
[BlackElo "2830"]
[Result "0-1"]
[Round "04"]
[TimeControl "180+1"]
[Date "2022.10.11"]
[WhiteClock "0:00:02"]
[BlackClock "0:00:25"]

1. e4 g5 2. d4 h6 3. Nc3 d6 4. Be3 Bg7 5. h4 g4 6. Qd2 a6 7. a4 Nc6 8. Nge2 f5 9. exf5 Bxf5 10. Ng3 Qd7 11. Nxf5 Qxf5 12. Bd3 Qf7 13. h5 O-O-O 14. Bg6 Qf8 15. O-O-O Nf6 16. Qe2 Kb8 17. Rhe1 e6 18. Qc4 d5 19. Qb3 g3 20. f3 Nd7 21. Ne2 Nb6 22. Bf4 Nc4 23. Bxg3 Qe7 24. Kb1 Qg5 25. Bd3 Nd2+ 26. Rxd2 Qxd2 27. Bf2 Bxd4 28. Bxd4 Qxe1+ 29. Ka2 Nb4+ 30. Ka3 a5 31. Nc3 e5 32. Bc5 Qa1+ 33. Na2 Nxd3 34. cxd3 e4 35. Qb5 Qd1 0-1


[Site "https://www.chess.com"]

[Event "Titled Tuesday Blitz October 11 Early 2022"]
[White "Kazakov, Mikhail"]
[Black "Flis, Pawel"]
[WhiteFideId "14102749"]
[BlackFideId "1112864"]
[WhiteElo "2413"]
[BlackElo "1836"]
[Result "1-0"]
[Round "04"]
[TimeControl "180+1"]
[Date "2022.10.12"]
[WhiteClock "0:00:09"]
[BlackClock "0:00:05"]

1. e4 c5 2. Nf3 d6 3. d4 Nf6 4. Nc3 cxd4 5. Nxd4 a6 6. Be3 e5 7. Nf3 Be7 8. h3 h6 9. Bc4 Be6 10. Bb3 Nbd7 11. Nh4 Bxb3 12. axb3 d5 13. exd5 Bb4 14. Nf5 O-O 15. Qf3 e4 16. Qg3 g6 17. Nxh6+ Kh7 18. O-O-O Qa5 19. Nb1 Nxd5 20. Ng4 Nxe3 21. fxe3 Nc5 22. Qh4+ Kg8 23. Nf6+ Kg7 24. Rdf1 Rh8 25. Qg4 1-0


[Site "https://www.chess.com"]

[Event "Titled Tuesday Blitz October 11 Early 2022"]
[White "Kiseljova, Marya"]
[Black "Krzywda, Andrzej"]
[WhiteFideId "4155009"]
[BlackFideId "1114565"]
[WhiteElo "1931"]
[BlackElo "2149"]
[Result "0-1"]
[Round "04"]
[TimeControl "180+1"]
[Date "2022.10.12"]
[WhiteClock "0:00:11"]
[BlackClock "0:00:57"]

1. d4 Nf6 2. c4 c5 3. d5 b5 4. cxb5 a6 5. e3 g6 6. Nc3 Bg7 7. a4 O-O 8. e4 axb5 9. Bxb5 e6 10. e5 Nxd5 11. Nxd5 exd5 12. Qxd5 Nc6 13. Bxc6 dxc6 14. Qxd8 Rxd8 15. Nf3 Bg4 16. Bf4 Bxf3 17. gxf3 Rd4 18. Be3 Rdxa4 19. O-O-O Bxe5 20. Kc2 Rc4+ 21. Kd3 Rb4 22. Bxc5 Rxb2 23. Rb1 Rxb1 24. Rxb1 Bxh2 25. Rb6 Rc8 26. Ke4 h5 27. f4 h4 28. Kf3 g5 29. fxg5 h3 30. Kg4 Bc7 31. Rb1 h2 32. Be3 Ra8 33. Bf4 Ra4 34. Kh3 Rxf4 35. Kg2 Rg4+ 36. Kf3 Rg1 37. Rb7 0-1


[Site "https://www.chess.com"]

[Event "Titled Tuesday Blitz October 11 Early 2022"]
[White "Korchmar, Vasiliy"]
[Black "Tania, Sachdev"]
[WhiteFideId "24131750"]
[BlackFideId "5007844"]
[WhiteElo "2370"]
[BlackElo "2306"]
[Result "0-1"]
[Round "04"]
[TimeControl "180+1"]
[Date "2022.10.12"]
[WhiteClock "0:00:10"]
[BlackClock "0:00:05"]

1. e4 e5 2. Nf3 Nc6 3. Bc4 Nf6 4. d3 h6 5. c3 d6 6. Nbd2 g5 7. Nf1 Qe7 8. Ng3 Bd7 9. a4 O-O-O 10. a5 g4 11. Nh4 d5 12. exd5 Nxd5 13. Bxd5 Qxh4 14. a6 b6 15. O-O f5 16. Nxf5 Bxf5 17. Bxc6 e4 18. Qb3 exd3 19. Bf4 Bd6 20. Qd5 Qf6 21. Bd7+ Kxd7 22. Bxd6 cxd6 23. Qb7+ Ke8 24. Qxa7 Rh7 25. Qxb6 Re7 26. a7 Be4 27. Rfe1 Ba8 28. Rxe7+ Qxe7 29. Qe3 Qxe3 30. fxe3 Kd7 31. Rd1 Kc7 32. Rxd3 Kb6 33. Rd4 h5 34. Ra4 Bc6 35. Ra3 Ra8 36. Kf2 Rxa7 37. Rxa7 Kxa7 38. h3 gxh3 39. gxh3 Kb6 40. Kg3 Kc5 41. Kf4 Kc4 42. e4 Kb3 43. e5 dxe5+ 44. Kxe5 Kxb2 45. c4 Kc3 46. c5 Kc4 47. Kd6 Bg2 48. c6 Bxh3 49. c7 h4 50. Ke5 Bc8 51. Kf4 h3 52. Kg3 Kb5 0-1


[Site "https://www.chess.com"]

[Event "Titled Tuesday Blitz October 11 Early 2022"]
[White "Kosteniuk, Alexandra"]
[Black "Yurovskykh, Oleksandr"]
[WhiteFideId "4128125"]
[BlackFideId "14134020"]
[WhiteElo "2469"]
[BlackElo "2303"]
[Result "1-0"]
[Round "04"]
[TimeControl "180+1"]
[Date "2022.10.12"]
[WhiteClock "0:00:01"]
[BlackClock "0:00:01"]

1. Nf3 d5 2. g3 c6 3. Bg2 Bg4 4. O-O Nd7 5. h3 Bh5 6. d4 e6 7. c4 Ngf6 8. cxd5 exd5 9. Qb3 Qb6 10. Qe3+ Be7 11. Nh4 Bg6 12. Nc3 Qd8 13. Nxg6 hxg6 14. Qf3 O-O 15. h4 Bd6 16. a3 a5 17. Rb1 a4 18. Bf4 Bxf4 19. Qxf4 Qb8 20. e3 Qxf4 21. gxf4 Ra7 22. Bf3 Nb6 23. Be2 Ne8 24. Kg2 Nd6 25. Rh1 Nbc4 26. h5 gxh5 27. Rxh5 g6 28. Rg5 Kg7 29. Bd3 Rh8 30. Rg3 Kf6 31. Rh3 Rxh3 32. Kxh3 b5 33. Kg2 Ra8 34. Na2 Ke6 35. Nb4 Kd7 36. Be2 Rh8 37. Nd3 Ne4 38. Rd1 Kd6 39. Bf3 Ncd2 40. Bxe4 Nxe4 41. Ne5 f6 42. Nxg6 Rg8 43. f5 Kd7 44. f3 Nd6 45. Kf2 Nxf5 46. Nf4 Nd6 47. Rh1 Rg7 48. Nd3 Nc4 49. e4 dxe4 50. fxe4 Re7 51. Rh6 Nd6 52. e5 fxe5 53. dxe5 Nc4 54. Rh5 Kc7 55. Kf3 Rf7+ 56. Ke4 Rg7 57. Rh4 Rg2 58. Kd4 Nxb2 59. Rh7+ Kd8 60. Nc5 Nc4 61. e6 Rg4+ 62. Kc3 Rg3+ 63. Kb4 Re3 64. Rd7+ Ke8 65. Rc7 Nxa3 66. Rxc6 Nc4 67. Kxb5 Ne5 68. Rc7 a3 69. Ra7 Nd3 70. Nb7 Re5+ 71. Nc5 Nxc5 72. Kc6 1-0


[Site "https://www.chess.com"]

[Event "Titled Tuesday Blitz October 11 Early 2022"]
[White "Kouskoutis, Georgios-Alexandros"]
[Black "Schut, Han"]
[WhiteFideId "4234049"]
[BlackFideId "1005561"]
[WhiteElo "2187"]
[BlackElo "2024"]
[Result "1-0"]
[Round "04"]
[TimeControl "180+1"]
[Date "2022.10.12"]
[WhiteClock "0:00:07"]
[BlackClock "0:00:18"]

1. Nf3 Nf6 2. g3 g6 3. Bg2 Bg7 4. O-O O-O 5. b3 d5 6. Bb2 c5 7. e3 Nc6 8. d3 Re8 9. Nbd2 e5 10. e4 h6 11. Re1 Qc7 12. exd5 Nxd5 13. Qc1 Be6 14. Nc4 f6 15. a4 b6 16. c3 Rac8 17. Qc2 Qf7 18. Nd6 Qd7 19. Nxe8 Qxe8 20. Nd2 Qf7 21. Ne4 Bf8 22. Qe2 Kg7 23. Nd2 Be7 24. d4 cxd4 25. cxd4 Ndb4 26. dxe5 f5 27. Nc4 Kh7 28. Rac1 Bc5 29. Nd6 Bxd6 30. exd6 Bd5 31. Bxd5 Qxd5 32. Qe7+ Nxe7 33. Rxe7+ Kg8 34. Rxc8# 1-0


[Site "https://www.chess.com"]

[Event "Titled Tuesday Blitz October 11 Early 2022"]
[White "Kovalenko, Igor"]
[Black "Ovchinnikov, Vsevolod"]
[WhiteFideId "14117908"]
[BlackFideId "24176842"]
[WhiteElo "2574"]
[BlackElo "2376"]
[Result "1-0"]
[Round "04"]
[TimeControl "180+1"]
[Date "2022.10.11"]
[WhiteClock "0:02:04"]
[BlackClock "0:00:11"]

1. c4 Nf6 2. Nc3 g6 3. g3 d5 4. Bg2 dxc4 5. Qa4+ c6 6. Qxc4 Be6 7. Qa4 Bg7 8. Nf3 O-O 9. O-O Nbd7 10. Qc2 h6 11. Nd4 Nc5 12. Nxe6 Nxe6 13. e3 Qd7 14. d4 c5 15. d5 Nc7 16. Rd1 Rac8 17. e4 Nfe8 18. Be3 Na6 19. a3 Nd6 20. Qe2 Kh7 21. f4 Bxc3 22. bxc3 Qa4 23. e5 Nc4 24. Bf2 Rcd8 25. h4 h5 26. Be4 b5 27. Qxh5+ Kg7 28. Qe2 f5 29. exf6+ exf6 30. h5 f5 31. Bc2 Qa5 32. hxg6 Qxc3 33. Qe7+ Kxg6 34. Qg5+ Kf7 35. Bxf5 Qf6 36. Qh5+ Ke7 37. Re1+ Kd6 38. Re6+ 1-0


[Site "https://www.chess.com"]

[Event "Titled Tuesday Blitz October 11 Early 2022"]
[White "Kravtsiv, Martyn"]
[Black "Kaidanov, Gregory"]
[WhiteFideId "14113147"]
[BlackFideId "2008564"]
[WhiteElo "2694"]
[BlackElo "2623"]
[Result "0-1"]
[Round "04"]
[TimeControl "180+1"]
[Date "2022.10.11"]
[WhiteClock "0:00:05"]
[BlackClock "0:00:52"]

1. e4 e6 2. d4 d5 3. Nc3 Nf6 4. Bg5 dxe4 5. Nxe4 Nbd7 6. Nf3 h6 7. Nxf6+ Nxf6 8. Bxf6 Qxf6 9. Bd3 Bd6 10. Qe2 Bd7 11. Be4 c6 12. O-O-O O-O-O 13. Kb1 Kb8 14. Rhe1 Bc8 15. Bd3 c5 16. dxc5 Bxc5 17. Ne5 Bd4 18. Ng4 Qe7 19. c3 Bb6 20. Ne5 Qc7 21. f4 a6 22. g3 f6 23. Nc4 Ba7 24. a4 Rhe8 25. b3 e5 26. Bg6 Rxd1+ 27. Rxd1 Re7 28. fxe5 fxe5 29. Kb2 e4 30. Nd6 e3 31. Nxc8 Qxc8 32. Bh5 Bb6 33. Rd5 Qc6 34. Bf3 Qf6 35. a5 Bc7 36. Bh1 Qf2 37. Bf3 Rf7 0-1


[Site "https://www.chess.com"]